 Dungeon Sprint DCSS version 0.21-a0-221-gfe971b9 (webtiles) character file.

48 potatolord6000 the Spear-Bearer (level 5, 0/46 HPs)
             Began as a Merfolk Gladiator on Aug 24, 2017.
             Was an Initiate of Qazlal.
             Asphyxiated
             ... in the Dungeon (Sprint VI: "Thunderdome").
             The game lasted 00:04:38 (378 turns).

potatolord6000 the Spear-Bearer (Merfolk Gladiator)  Turns: 378, Time: 00:04:39

Health: 0/46       AC:  4    Str: 14    XL:     5   Next: 49%
Magic:  12/12      EV: 22    Int:  8    God:    Qazlal [......]
Gold:   100        SH:  0    Dex: 22    Spells: 13/13 levels left

rFire    x . .     SeeInvis .   a - +0 trident
rCold    + . .     Gourm    .   (no shield)
rNeg     . . .     Faith    .   b - +0 leather armour
rPois    .         Spirit   .   c - +0 helmet
rElec    .         Reflect  .   (no cloak)
rCorr    .         Harm     .   (no gloves)
MR       +....     NoTele   +   (no boots)
Stlth    ++........             p - amulet of Fatwyk {MR+ Regen+}
HPRegen  0.55/turn              e - ring "Mery" {EV+3 Dex+4 Slay+3}
MPRegen  0.13/turn              g - ring "Ymoum" {Ice Dex+2}

@: lethally poisoned (0 -> -41), hasted and slowed
A: change form in water, swift swim, stealthy swim
a: Renounce Religion


You were in the Dungeon.
You worshipped Qazlal.
Qazlal was noncommittal.
You were not hungry.

You visited 1 branch You collected 280 gold pieces.
You spent 180 gold pieces at shops.

Inventory:

Hand Weapons
 a - a +0 trident (weapon)
Armour
 b - a +0 leather armour (worn)
 c - a +0 helmet (worn)
Jewellery
 e - the ring "Mery" (left hand) {EV+3 Dex+4 Slay+3}
   (You bought it in a shop in the Dungeon)

   [ring of evasion]

   It affects your evasion (+3).
   It affects your dexterity (+4).
   It affects your accuracy and damage with ranged weapons and melee attacks
   (+3).
 g - the ring "Ymoum" (right hand) {Ice Dex+2}
   (You bought it in a shop in the Dungeon)

   [ring of ice]

   It enhances your ice magic.
   It affects your dexterity (+2).
   It makes you vulnerable to fire.
   It protects you from cold.
 p - the amulet of Fatwyk (around neck) {MR+ Regen+}
   (You bought it in a shop in the Dungeon)

   [amulet of regeneration]

   It affects your resistance to hostile enchantments.
   It increases your rate of regeneration.
Wands
 l - a wand of acid (5/15)
 m - a wand of iceblast (5/15)
Scrolls
 k - 4 scrolls of blinking
 n - 3 scrolls of fog
Potions
 d - a potion of resistance
 h - 2 potions of haste
 i - 2 potions of magic
Comestibles
 f - a bread ration


   Skills:
 + Level 6.1 Fighting
 + Level 8.8 Polearms
 - Level 2.0 Throwing
 + Level 8.0 Dodging
 + Level 4.8 Spellcasting


You had 13 spell levels left.
You didn't know any spells.

Dungeon Overview and Level Annotations

Branches:
Dungeon (1/1)

Altars:
Cheibriados
Dithmenos
Fedhas
Gozag
Kikubaaqudgha
Makhleb
Okawaru
Qazlal
Ru
Sif Muna
Trog
Uskayaw
Vehumet
Wu Jian
Xom
Yredelemnul
Zin
The Shining One
Beogh
Jiyva
Lugonu

Shops:
D *[%??*?*:[((!!!!

Annotations:
D Sonja


Message History

You are more poisoned.
You closely miss Sonja.
You feel very sick.
Sonja gestures wildly while chanting.
Sonja blinks!
A kobold comes into view. It is wielding a short sword.
* * * LOW HITPOINT WARNING * * *
You feel very sick.
Sonja unwields an uncursed dagger of venom.
It stops dripping with poison.
Sonja wields an uncursed blowgun.
Sonja shoots a curare-tipped needle.
The curare-tipped needle barely misses you.
The kobold moves out of view.
Unknown command.
* * * LOW HITPOINT WARNING * * *
You feel very sick.
Sonja shoots a curare-tipped needle.
The curare-tipped needle hits you.
You are more poisoned.
You have difficulty breathing.
You die...

#_......._# ###........(###
#⌠..)......K.⌠#
######.8.........8.######
##∩._.K.....###......___∩##
###∩.....[..8.# #.8........∩###
##.............###.............##
#⌠.......[..###...###..........⌠#
#⌠..........# #.@(# #..........⌠#
#⌠......=.).###...###..........⌠#
##.............###.............##
###∩........8.# #.8........∩###
##∩_._......###......___∩##
######.8÷........8.######
#⌠.)..÷......⌠# ###.........###
#_......._#


You could see Sonja and a kobold (wandering).

Vanquished Creatures
  An orc warrior (D)
  An orc wizard (D)
  An orc priest (D)
  An adder (D)
  4 orcs (D)
  A goblin (D)
  A rat (D)
10 creatures vanquished.

Notes
Turn   | Place    | Note
-------+----------+-------------------------------------------
     0 | D        | potatolord6000 the Merfolk Gladiator began the quest for the Orb.
     0 | D        | Reached XP level 1. HP: 16/16 MP: 1/1
     2 | D        | Found a deep blue altar of Sif Muna.
     2 | D        | Found a shadowy altar of Dithmenos.
     5 | D        | Round 1.
     7 | D        | Found a sacrificial altar of Ru.
     8 | D        | Found a burning altar of Makhleb.
     9 | D        | Found Abuwnopt's Identification Station.
     9 | D        | Found a stormy altar of Qazlal.
     9 | D        | Found Teni's Bee Food.
    10 | D        | Found a corrupted altar of Lugonu.
    11 | D        | Found Curu Loude's Advanced Armour.
    11 | D        | Found Raobruv's Jewellery.
    12 | D        | Found Milec's Premium Goods.
    14 | D        | Found Rumenwon's Miscellaneous Merchandise.
    14 | D        | Found Navieraw's Basic Armour.
    19 | D        | Found a roughly hewn altar of Beogh.
    19 | D        | Found a radiant altar of Vehumet.
    19 | D        | Found an iron altar of Okawaru.
    19 | D        | Found Hojunel's Weapon Rack.
    26 | D        | Found a glowing silver altar of Zin.
    34 | D        | Reached skill level 1 in Spellcasting
    42 | D        | Reached skill level 5 in Polearms
    72 | D        | Reached skill level 5 in Dodging
    72 | D        | Reached XP level 2. HP: 10/24 MP: 3/5
    78 | D        | Arena points: 12 (+12) [x2]
    99 | D        | Bought a heavily runed bronze ring for 45 gold pieces
    99 | D        | Bought a smoking bronze ring for 45 gold pieces
    99 | D        | Bought a coiled ivory amulet for 45 gold pieces
   102 | D        | Found an opulent altar of Gozag.
   131 | D        | Identified the ring "Mery" {EV+3 Dex+4 Slay+3} (You bought it in a shop in the Dungeon)
   132 | D        | Identified the ring "Liss" {rPois rF+ rN+ Str-5 Stlth-} (You bought it in a shop in the Dungeon)
   132 | D        | Round 2.
   135 | D        | Identified the amulet of Fatwyk {MR+ Regen+} (You bought it in a shop in the Dungeon)
   178 | D        | Noticed an orc warrior
   198 | D        | Reached XP level 3. HP: 30/30 MP: 5/7
   200 | D        | Killed an orc warrior
   200 | D        | Reached skill level 5 in Fighting
   200 | D        | Reached XP level 4. HP: 36/40 MP: 6/10
   200 | D        | Reached XP level 5. HP: 41/46 MP: 6/11
   205 | D        | Became a worshipper of Qazlal Stormbringer
   229 | D        | Found a blossoming altar of Fedhas.
   230 | D        | Found an ancient bone altar of Kikubaaqudgha.
   231 | D        | Found Gieppof's Do-It-Yourself Clinic.
   233 | D        | Found Hyciux's Bottled Wisdom.
   233 | D        | Found Abyuneabue's Distillery.
   235 | D        | Found a viscous altar of Jiyva.
   235 | D        | Found a hide-covered altar of Uskayaw.
   235 | D        | Found a shimmering altar of Xom.
   235 | D        | Found Tillidan's Distillery.
   241 | D        | Found a glowing golden altar of the Shining One.
   242 | D        | Found a snail-covered altar of Cheibriados.
   244 | D        | Found a bloodstained altar of Trog.
   246 | D        | Found Kimeut's Staff Store.
   247 | D        | Found an ornate altar of the Wu Jian Council.
   247 | D        | Found a basalt altar of Yredelemnul.
   247 | D        | Found Feudghiodo's Magic Scroll Shop.
   248 | D        | Found Esaocex's Must-Have Magic.
   248 | D        | Found Suxt's Magic Scroll Shop.
   264 | D        | Arena points: 48 (+36) [x3]
   287 | D        | Bought a transparent lead ring for 45 gold pieces
   287 | D        | Identified the ring "Ymoum" {Ice Dex+2} (You bought it in a shop in the Dungeon)
   324 | D        | Round 3.
   369 | D        | Noticed Sonja
   378 | D        | Asphyxiated

Vault maps used:
D:        arena_sprint

Skill      XL: |  1  2  3  4  5 |
---------------+----------------+-----
Spellcasting   | 2 3 4 |  4.8
Polearms       | 5 6 8 |  8.8
Fighting       | 3 4 5 6 |  6.1
Dodging        | 5 7 8 |  8.0
Throwing       | |  2.0

Action                   |  1- 3 |  4- 6 || total
-------------------------+-------+-------++-------
Melee: Trident           |    47 |    12 ||    59
  Use: Potion            |     7 |     1 ||     8
Armor: Leather armour    |    10 |     4 ||    14
Dodge: Dodged            |    24 |    11 ||    35

Table legend:
 A = Spawn XP
 B = Non-spawn XP
 C = Spawn XP percentage of total XP
 D = Spawn monster count
 E = Non-spawn monster count
 F = Spawn count percentage of total count
 G = Total turns spent on level
                    A         B        C        D         E        F      G
               +---------+---------+-------+---------+---------+-------+---------
         Total |       0 |     241 |   0.0 |       0 |      10 |   0.0 |   378
               +---------+---------+-------+---------+---------+-------+---------
             D |       0 |     241 |   0.0 |       0 |      10 |   0.0 |   378
               +---------+---------+-------+---------+---------+-------+---------
